 Dungeon Crawl Stone Soup version 0.28-a0-1493-g08698888e4 (webtiles) character file.

Game seed: 6012235736419867892

9 knot the Chopper (level 2, 17/24 HPs)
             Began as a Demonspawn Berserker on Jan 13, 2022.
             Was a Follower of Trog.
             Quit the game on level 1 of the Dungeon.
             The game lasted 00:00:15 (636 turns).

knot the Chopper (Demonspawn Berserker)              Turns: 636, Time: 00:00:15

Health: 17/24      AC:  3    Str: 17    XL:     2   Next: 3%
Magic:  2/2        EV: 12    Int:  8    God:    Trog [*.....]
Gold:   28         SH:  0    Dex: 12    Spells: 1/1 levels left

rFire   . . .      SeeInvis .   a - +0 hand axe
rCold   . . .      Faith    .   (no shield)
rNeg    . . .      Spirit   .   b - +0 animal skin
rPois   .          Reflect  .   (no helmet)
rElec   .          Harm     .   (no cloak)
rCorr   .          Rampage  .   (no gloves)
Will    .....                   (no boots)
Stlth   +.........              (no amulet)
HPRegen 0.08/turn               (no ring)
MPRegen 0.08/turn               (no ring)

@: no status effects
A: rugged brown scales 1
a: Renounce Religion, Berserk


You were on level 1 of the Dungeon.
You worshipped Trog.
Trog was aware of your devotion.
You visited 1 branch of the dungeon, and saw 1 of its levels.

You collected 28 gold pieces.

Inventory:

Hand Weapons
 a - a +0 hand axe (weapon)
Armour
 b - a +0 animal skin (worn)


   Skills:
 - Level 3.0 Fighting
 + Level 3.2 Axes
 - Level 1.7 Armour
 - Level 1.7 Dodging


You had one spell level left.
You didn't know any spells.
Your spell library was empty.

Dungeon Overview and Level Annotations

Branches:
Dungeon (1/15)

Altars:


Innate Abilities, Weirdness & Mutations

You are partially covered in rugged brown scales. (AC +1, +3% HP)


Message History

You start waiting.
Done waiting.
You see here a +0 club.
Found a runed dagger.
A rat comes into view.
A rat comes into view.
Found a stone staircase leading down.
There are monsters nearby!
You hit the rat.
You kill the rat!
Trog accepts your kill.
You see here a rat corpse.
You barely miss the rat. The rat bites you.
You closely miss the rat. The rat misses you. The rat bites you.
You completely miss the rat. The rat bites you.
You hit the rat.
You kill the rat!
Trog accepts your kill.
No target in view!
No target in view!
HP restored.
A quokka comes into view.
You see here 7 gold pieces.
A quokka is nearby!
You see here 7 gold pieces.
A quokka is nearby!
The quokka misses you.
You hit the quokka.
The quokka is moderately wounded.
The quokka bites you. The quokka barely misses you.
You hit the quokka.
The quokka is severely wounded.
The quokka barely misses you.
You hit the quokka.
You kill the quokka!
Trog accepts your kill.
You have reached level 2!
Your demonic ancestry asserts itself...
Rugged brown scales grow over part of your body.
Are you sure you want to abandon this character and quit the game? (Confirm with "yes".)

######## ### #
##......# #..
.# ........#
#.#####.#
.#......#
#.#......
.#..._..#
#......
..).....#
#..).#.##
.##.....#
#.......#
.######## #$@#
#.. .#
####..###.....
##
#.....†....#
#....#####>...
##
#....####### .
.#
#..........#
.###
#...######.#
...#
#...........
##.#
###...###.#..#


There were no monsters in sight!

Vanquished Creatures
  A dart slug (D:1)
  A goblin (D:1)
  A quokka (D:1)
  A ball python (D:1)
  A bat (D:1)
  3 rats (D:1)
8 creatures vanquished.

Notes
Turn   | Place    | Note
-------+----------+-------------------------------------------
     0 | D:1      | knot the Demonspawn Berserker began the quest for the Orb.
     0 | D:1      | Reached XP level 1. HP: 18/18 MP: 1/1
   152 | D:1      | Found a faded altar of an unknown god.
   636 | D:1      | Gained mutation: You are partially covered in rugged brown
                  | scales. (AC +1, +3% HP) [demonic ancestry]
   636 | D:1      | Reached XP level 2. HP: 17/24 MP: 2/2
   636 | D:1      | Quit the game

Illustrated notes

Levels and vault maps discovered:
D:1:      sevenhm_arrival_forest_fort_large_1, layout_basic,
          ebering_ecumenical_altar_sacrificial

Skill      XL: |  1 |
---------------+----+-----
Axes           | 3 |  3.2
Fighting       | |  3.0
Armour         | |  1.7
Dodging        | |  1.7

Action                   || total
-------------------------++-------
Melee: Hand axe          ||    22
 Stab: Sleeping          ||     1
Dodge: Dodged            ||    12

Table legend: (Time is in decaauts)
 A = Elapsed time spent in this place.
 B = Non-inter-level travel time spent in this place.
 C = Inter-level travel time spent in this place.
 D = Time resting spent in this place.
 E = Time spent auto-exploring this place.
 F = Levels seen in this place.
 G = Mean time per level.
                   A        B        C        D        E       F      G
               +--------+--------+--------+--------+--------+-----+--------+
         Total |    641 |    641 |      0 |    343 |    252 |   1 |  641.0 |
       Dungeon |    641 |    641 |      0 |    343 |    252 |   1 |  641.0 |
               +--------+--------+--------+--------+--------+-----+--------+

Top non-repeatable levels by time:
     D:1: 641 daAuts
